 Dungeon Sprint DCSS version 0.21.1-1-g345015f (webtiles) character file.

653 equalderp2856 the Protected (level 7, -9/73 HPs)
             Began as a Minotaur Fighter on May 25, 2018.
             Mangled by a centaur warrior (10 damage)
             ... in the Dungeon (Sprint II: "The Violet Keep of Menkaure").
             The game lasted 00:01:30 (432 turns).

equalderp2856 the Protected (Minotaur Fighter)       Turns: 432, Time: 00:01:31

Health: -9/73      AC:  8    Str: 21    XL:     7   Next: 28%
Magic:  6/6        EV:  9    Int:  5    God:
Gold:   243        SH: 12    Dex: 11    Spells: 6/6 levels left

rFire    . . .     SeeInvis .   a - +0 war axe
rCold    . . .     Gourm    .   c - +0 shield
rNeg     . . .     Faith    .   b - +0 scale mail
rPois    .         Spirit   .   (helmet restricted)
rElec    .         Reflect  .   (no cloak)
rCorr    .         Harm     .   (no gloves)
MR       .....     NoTele   +   (no boots)
Stlth    ..........             (no amulet)
HPRegen  0.22/turn              (no ring)
MPRegen  0.10/turn              (no ring)

@: no status effects
A: retaliatory headbutt, horns 2
a: no special abilities


You were in the Dungeon.
You were not hungry.

You visited 1 branch You collected 243 gold pieces.

Inventory:

Hand Weapons
 a - a +0 war axe (weapon)
Armour
 b - a +0 scale mail (worn)
 c - a +0 shield (worn)
Scrolls
 k - a scroll of blinking
Potions
 d - a potion of might
 e - a potion of curing
 h - a potion of haste
 i - 2 potions of magic
 j - a potion of berserk rage
Comestibles
 f - a ration


   Skills:
 + Level 10.3 Fighting
 + Level 8.3 Axes
 + Level 10.8 Armour
 + Level 0.9 Dodging
 + Level 10.4 Shields


You had 6 spell levels left.
You didn't know any spells.

Dungeon Overview and Level Annotations

Branches:
Dungeon (1/1)

Altars:
Cheibriados
Dithmenos
Elyvilon
Fedhas
Gozag
Hepliaklqana
Kikubaaqudgha
Makhleb
Nemelex Xobeh
Okawaru
Qazlal
Ru
Sif Muna
Trog
Uskayaw
Vehumet
Wu Jian
Xom
Yredelemnul
Zin
The Shining One
Beogh
Jiyva
Lugonu

Shops:
D :?[(!!:?}[=%%:%=

Annotations:
D exclusions: obsidian statue, oklob plant and orange crystal statue, Kirke


Innate Abilities, Weirdness & Mutations

You reflexively headbutt those who attack you in melee.
You have a pair of horns on your head.


Message History

Your Axes skill increases to level 8!
Your Shields skill increases to level 10!
You have reached level 7!
You hit the centaur warrior. You block the centaur warrior's attack.
The centaur warrior hits you!
* * * LOW HITPOINT WARNING * * *
You feel much better. The centaur warrior hits you! x2
* * * LOW HITPOINT WARNING * * *
Unknown command.
You hit the centaur warrior.
The centaur warrior is moderately wounded.
The centaur warrior hits you!
* * * LOW HITPOINT WARNING * * *
You hit the centaur warrior but do no damage.
Your headbutt misses the centaur warrior.
The centaur warrior is heavily wounded.
The centaur warrior hits you!
* * * LOW HITPOINT WARNING * * *
The centaur warrior hits you!
You die... # #.#....# ...# ## H#H

###..## #..# $# #+# ##..#
+..# .# ( #.## #..# #..#
.# ($ .<.+ +..####..##.#
$$( #.##
#....###.c.##▓▓▓▓ #'##
##§.....zhcy≈≈≈≈≈≈≈
.).####≈§.....h#c########
.#..#≈≈≈≈§≈§†.≈#@†..._._#
...##≈≈≈≈≈§≈≈§≈#...._._.#
#'##≈≈§§§§§≈§§§#..._._._#
≈≈≈≈≈≈§§≈≈≈≈≈§≈#.._._._.#
+#+++#≈§≈≈§≈≈≈≈#._._._._#
§≈≈§ ##≈§≈###§≈#_._._._.
§≈§§≈≈##§§# #§§#._._._..
≈8≈§§§§+≈≈# #§§#.._._._.
§§§≈≈§##§≈≈≈


You could see a yaktaur captain, a skeletal warrior, a centaur warrior, 2 polar
bears, a yaktaur and a hornet.

Vanquished Creatures
  A merfolk siren (D)
  A polar bear (D)
  Menkaure (D)
3 creatures vanquished.

Vanquished Creatures (others)
  2 hippogriffs (D)
  A crocodile (D)
3 creatures vanquished.

Grand Total: 6 creatures vanquished

Notes
Turn   | Place    | Note
-------+----------+-------------------------------------------
     0 | D        | equalderp2856 the Minotaur Fighter began the quest for the Orb.
     0 | D        | Reached XP level 1. HP: 19/19 MP: 0/0
     1 | D        | Noticed a hippogriff
     1 | D        | Noticed a hippogriff
     5 | D        | Noticed a merfolk siren
    19 | D        | Killed a merfolk siren
    19 | D        | Reached XP level 2. HP: 4/37 MP: 1/1
    19 | D        | Reached XP level 3. HP: 5/42 MP: 2/2
    19 | D        | Reached XP level 4. HP: 6/50 MP: 3/3
    19 | D        | Reached XP level 5. HP: 7/57 MP: 4/4
    19 | D        | Reached XP level 6. HP: 8/63 MP: 5/5
   299 | D        | Noticed an orange crystal statue
   303 | D        | Found Mihe Xuupte's Jewellery Shop.
   305 | D        | Found Seduskea's Food Boutique.
   307 | D        | Found Eloacw's Food Boutique.
   307 | D        | Found Cauh's Food Shop.
   309 | D        | Found Huqu's Antique Armour Shop.
   309 | D        | Found Jymais Ufri's Gadget Boutique.
   310 | D        | Found Owked's Distillery.
   310 | D        | Found Asuwelei's Distillery.
   311 | D        | Found Caudal's Magic Scroll Shop.
   312 | D        | Found Ciatuitz's Antique Armour Shop.
   312 | D        | Found Paup's Magic Scroll Boutique.
   313 | D        | Found Qaluz's Jewellery Shop.
   313 | D        | Found Sumuis's Antique Weapon Boutique.
   313 | D        | Noticed an iron elemental
   314 | D        | Found Maad's Book Shop.
   314 | D        | Found Sommatie's Book Boutique.
   317 | D        | Noticed Menkaure
   317 | D        | Noticed an oklob plant
   318 | D        | Found Hauffiq's Book Shoppe.
   333 | D        | Killed Menkaure
   333 | D        | Reached skill level 10 in Armour
   334 | D        | Noticed a wyvern
   335 | D        | Noticed a wyvern
   352 | D        | Noticed an obsidian statue
   398 | D        | Noticed a centaur warrior
   398 | D        | Noticed Kirke
   398 | D        | Noticed a yaktaur captain
   399 | D        | Noticed a skeletal warrior
   411 | D        | Found a snail-covered altar of Cheibriados.
   412 | D        | Found a shadowy altar of Dithmenos.
   413 | D        | Found a white marble altar of Elyvilon.
   413 | D        | Found an ancient bone altar of Kikubaaqudgha.
   413 | D        | Found a roughly hewn altar of Beogh.
   413 | D        | Found a viscous altar of Jiyva.
   414 | D        | Found a blossoming altar of Fedhas.
   414 | D        | Found a corrupted altar of Lugonu.
   414 | D        | Found a deep blue altar of Sif Muna.
   415 | D        | Found an opulent altar of Gozag.
   415 | D        | Found a burning altar of Makhleb.
   415 | D        | Found a bloodstained altar of Trog.
   416 | D        | Found a sparkling altar of Nemelex Xobeh.
   416 | D        | Found a hide-covered altar of Uskayaw.
   417 | D        | Found an iron altar of Okawaru.
   417 | D        | Found a radiant altar of Vehumet.
   417 | D        | Found a glowing silver altar of Zin.
   418 | D        | Noticed a yaktaur
   418 | D        | Noticed a hornet
   418 | D        | Noticed a polar bear
   419 | D        | Noticed a polar bear
   419 | D        | Found a basalt altar of Yredelemnul.
   421 | D        | Found a hazy altar of Hepliaklqana.
   421 | D        | Found a sacrificial altar of Ru.
   421 | D        | Found a shimmering altar of Xom.
   421 | D        | Killed a hippogriff
   422 | D        | Found a stormy altar of Qazlal.
   422 | D        | Found an ornate altar of the Wu Jian Council.
   422 | D        | Found a glowing golden altar of the Shining One.
   422 | D        | Noticed a polar bear
   423 | D        | Killed a hippogriff
   429 | D        | Killed a polar bear
   429 | D        | Reached skill level 10 in Fighting
   429 | D        | Reached skill level 10 in Shields
   429 | D        | Reached XP level 7. HP: 24/73 MP: 6/6
   432 | D        | HP: 1/73 [centaur warrior (7)]
   432 | D        | Mangled by a centaur warrior

Skill      XL: |  1  2  3  4  5  6 |
---------------+-------------------+-----
Fighting       | 9 10 | 10.3
Axes           | 6 8 |  8.3
Armour         | 9 10 | 10.8
Shields        | 9 10 | 10.4
Dodging        | |  0.9

Action                   |  1- 3 |  4- 6 |  7- 9 || total
-------------------------+-------+-------+-------++-------
Melee: War axe           |    13 |    10 |     2 ||    25
       Headbutt          |       |     1 |       ||     1
  Use: Potion            |       |       |     1 ||     1
Armor: Scale mail        |       |     8 |       ||     8
Dodge: Dodged            |     1 |     9 |       ||    10
Block: Shield            |       |    10 |     1 ||    11
